[Event "FRA-ch Youth U14 2018"]
[Site "Agen"]
[Date "2018.04.15"]
[Round "1"]
[White "Bacrot, Alexandre"]
[Black "Pavee, Louis"]
[Result "1-0"]
[ECO "C01"]
[WhiteElo "2180"]
[BlackElo "1814"]
[Annotator "NA RC"]
[PlyCount "47"]
[EventDate "2018.??.??"]
[EventType "swiss"]
[EventCountry "FRA"]
[SourceTitle "playchess.com"]
[Source "ChessBase"]
[SourceQuality "1"]
[TimeControl "5400+30"]

1. e4 e6 2. d4 d5 3. exd5 exd5 4. Nf3 Bd6 5. c4 c6 6. c5 Bc7 {[%emt 0:00:16] C01: French: Exchange Variation} 7. Bd3 Nf6 8. O-O O-O 9. Bg5 Bg4 10. Nbd2 Nbd7 11. Qc2 {[%emt 0:02:14] LiveBook: 6 Games} h6 (11... Qb8 12. Rfe1 Bf4 13. Bh4 Re8 14. Rxe8+ Qxe8 15. Re1 Qf8 16. Ne5 Nxe5 17. dxe5 Nd7 18. Bxh7+ {1-0 (42) Ovetchkin,R (2539)-Drozdovskij,Y (2552) playchess.com INT 2006}) 12. Bh4 Bf4 13. Rae1 Re8 14. h3 Bxf3 15. Nxf3 Qc7 $146 ({Predecessor:} 15... Rxe1 16. Rxe1 {0-1 (43) Repkova,E (2300)-Nguyen,T (2150) Genting Highlands 1998}) 16. Bxf6 Nxf6 17. g3 Rxe1 18. Rxe1 Bxg3 19. fxg3 Qxg3+ 20. Qg2 Qf4 21. Qf2 Re8 22. Ne5 Qg5+ 23. Kh2 Qh5 24. Rg1 $18 1-0

[Event "FRA-ch Youth U14 2018"]
[Site "Agen"]
[Date "2018.04.15"]
[Round "1"]
[White "Moracchini, Margaux"]
[Black "Cathala, Emma"]
[Result "*"]
[ECO "C44"]
[WhiteElo "1939"]
[BlackElo "1293"]
[Annotator "NA RC"]
[PlyCount "22"]
[EventDate "2018.??.??"]
[EventType "swiss"]
[EventCountry "FRA"]
[SourceTitle "playchess.com"]
[Source "ChessBase"]
[SourceQuality "1"]
[TimeControl "5400+30"]

1. e4 e5 2. Nf3 Nc6 3. d4 exd4 4. Nxd4 Nxd4 5. Qxd4 Qf6 6. e5 Qe6 7. Bc4 c5 8. Qf4 d5 9. Bb5+ Bd7 10. Bxd7+ Qxd7 11. O-O $11 Qe6 *

[Event "FRA-ch Youth U14 2018"]
[Site "Agen"]
[Date "2018.04.15"]
[Round "1"]
[White "Nguyen, Thao Nhi"]
[Black "Demais, Eilean"]
[Result "1-0"]
[ECO "B24"]
[WhiteElo "1861"]
[BlackElo "1266"]
[Annotator "NA RC"]
[PlyCount "87"]
[EventDate "2018.??.??"]
[EventType "swiss"]
[EventCountry "FRA"]
[SourceTitle "playchess.com"]
[Source "ChessBase"]
[SourceQuality "1"]
[TimeControl "5400+30"]

1. e4 c5 2. Nc3 Nc6 3. Bb5 g6 4. Bxc6 bxc6 5. f4 Bg7 6. Nf3 e6 7. O-O Ne7 8. d3 O-O 9. Qe1 Re8 10. Na4 d6 11. e5 dxe5 $18 (11... Nd5 $16) 12. fxe5 Qd5 13. Qc3 c4 14. dxc4 Qe4 15. Nc5 Qg4 16. h3 Qh5 17. Kh2 g5 18. Nxg5 Qg6 19. Nge4 Nf5 20. g4 Ne7 21. Nf6+ Bxf6 22. Rxf6 Qg7 23. Bh6 Qh8 24. Raf1 Rb8 25. Rxf7 Ng6 26. Rg7+ Qxg7 27. Bxg7 Kxg7 28. Qd4 Rb4 29. Ne4 Rb7 30. Nd6 Rd7 31. Qc5 Rg8 32. Qxc6 Nxe5 33. Qc5 Ng6 34. Nxc8 Rd2+ 35. Kg3 Rd7 36. Qc6 Rgd8 37. Qxe6 Rc7 38. Qf6+ Kh6 39. g5+ Kh5 40. Qf3+ Kxg5 41. Qe3+ Nf4 42. Qxf4+ Kg6 43. Qf6+ Kh5 44. Rf5# 1-0

[Event "FRA-ch Youth U14 2018"]
[Site "Agen"]
[Date "2018.04.15"]
[Round "1"]
[White "Avanesyan, Davit"]
[Black "Cohen Revivo, Shoham"]
[Result "0-1"]
[ECO "C00"]
[WhiteElo "1808"]
[BlackElo "2180"]
[Annotator "NA RC"]
[PlyCount "62"]
[EventDate "2018.??.??"]
[EventType "swiss"]
[EventCountry "FRA"]
[SourceTitle "playchess.com"]
[Source "ChessBase"]
[SourceQuality "1"]
[TimeControl "5400+30"]

1. e4 e6 2. d3 d5 3. Nd2 Nf6 4. Ngf3 Nc6 5. g3 dxe4 6. dxe4 e5 7. Bg2 Bc5 8. Qe2 O-O 9. Nc4 Qe7 10. h3 a5 11. a4 b6 12. c3 Ba6 13. Nfd2 Rfd8 14. Qf3 Rd7 15. Bf1 Bb7 16. b3 {[%emt 0:05:01] [#]} Rad8 $17 (16... Nb4 $1 $19 17. cxb4 Bxb4) 17. Ne3 Nb4 18. Nf5 Qe8 19. cxb4 Bxb4 20. Bb5 Bxe4 21. Qe3 c6 22. f3 Rxd2 23. Bxd2 Bxd2+ 24. Qxd2 Rxd2 25. Kxd2 Bxf5 26. Be2 e4 27. Ba6 exf3 28. Rae1 Ne4+ 29. Ke3 f2 30. Re2 Nxg3+ 31. Kf3 Nxe2 0-1

[Event "FRA-ch Youth U14 2018"]
[Site "Agen"]
[Date "2018.04.15"]
[Round "1"]
[White "Delhoume, Sarah"]
[Black "Yuan, Beline"]
[Result "0-1"]
[ECO "A16"]
[WhiteElo "1299"]
[BlackElo "2035"]
[Annotator "NA RC"]
[PlyCount "73"]
[EventDate "2018.??.??"]
[EventType "swiss"]
[EventCountry "FRA"]
[SourceTitle "playchess.com"]
[Source "ChessBase"]
[SourceQuality "1"]
[TimeControl "5400+30"]

1. c4 Nf6 2. Nc3 g6 3. g3 Bg7 4. Bg2 d6 5. e3 O-O 6. Nge2 e5 7. O-O Nc6 8. Rb1 a5 {[%emt 0:01:52] A25: English Opening vs King's Indian with ...Nc6 but without early d3} 9. a3 Nh5 10. d3 f5 11. f4 (11. Nd5 Ne7 12. f4 c6 13. Ndc3 Be6 14. b4 axb4 15. axb4 d5 16. fxe5 Bxe5 {1-0 (41) Timofeev,A (2549)-Popov,M (2416) Sochi 2017}) 11... g5 $146 ({Predecessor:} 11... exf4 $11 {remains equal.} 12. gxf4 Kh8 (12... Be6 13. Bd2 Nf6 14. Nd5 Kh8 15. Bc3 {0-1 (41) Small,G (2255)-Bryant,J (2193) Los Angeles 2007})) 12. e4 gxf4 13. gxf4 Ne7 14. d4 fxe4 15. Nxe4 Bg4 16. Qc2 exd4 17. Bf3 Qd7 18. Ng5 Bf5 19. Be4 h6 20. Nf3 Bh3 21. Rf2 Nf5 22. Bxf5 Bxf5 23. Qb3 Bxb1 $19 24. Qxb7 Nf6 25. Nfxd4 Be4 26. Qb3 Rab8 27. Qg3 Qg4 28. f5 Qxg3+ 29. Nxg3 Ng4 30. Rd2 Ba8 31. Ne6 Rfe8 32. Nh5 Be5 33. Nxc7 Bxh2+ 34. Kf1 Rf8 35. Rxd6 Bxd6 36. Ne6 Rxf5+ 37. Ke1 0-1

[Event "FRA-ch Youth U14 2018"]
[Site "Agen"]
[Date "2018.04.15"]
[Round "1"]
[White "Discors, Alice"]
[Black "Randrianarimanana, Alicia"]
[Result "0-1"]
[ECO "B01"]
[WhiteElo "1280"]
[BlackElo "1872"]
[Annotator "NA RC"]
[PlyCount "68"]
[EventDate "2018.??.??"]
[EventType "swiss"]
[EventCountry "FRA"]
[SourceTitle "playchess.com"]
[Source "ChessBase"]
[SourceQuality "1"]
[TimeControl "5400+30"]

1. e4 d5 2. exd5 Qxd5 3. Nc3 Qd6 4. Bc4 a6 5. Nf3 Nf6 6. d4 e6 {[%emt 0:01:52] B01: Scandinavian Defence} (6... b5 7. Bd3 Bb7 8. Qe2 Nbd7 9. O-O e6 10. a4 b4 11. Ne4 Qd5 12. Nxf6+ Nxf6 13. c4 bxc3 14. bxc3 Be7 {1-0 (48) Savic,M (2587)-Milanovic,D (2594) Belgrade 2015}) 7. O-O b5 8. Bb3 Bb7 9. Be3 Ng4 10. g3 {[%emt 0:06:40] [#]} c5 $1 11. a3 $2 (11. Bf4 $16 {keeps the pressure on.} Qd7 12. Ng5) 11... c4 12. Ba2 Qc6 13. d5 $1 $146 ({Find the theoretical novelty and annotate with similar games:} 13. h3 Qxf3 14. Qxf3 Bxf3 15. hxg4 {0-1 (43) Majirska,K (1528)-Liscinska,J (1725) Liptovsky Mikulas 2016}) 13... exd5 14. Nxd5 Qxd5 15. Qxd5 Bxd5 16. Nd4 Nxe3 17. fxe3 Nc6 18. Nxc6 Bxc6 19. Rad1 Bc5 20. Rfe1 O-O 21. Kf1 Rfe8 22. Kf2 g6 $19 23. b3 cxb3 24. Bxb3 Bxa3 25. Rd3 Bb4 26. Rf1 Rad8 27. Ke2 Rf8 28. Bxf7+ Kg7 29. Rxd8 Rxd8 30. Bb3 Rd2+ 31. Ke1 Rxc2+ 32. Kd1 Rd2+ 33. Ke1 Rb2+ 34. Kd1 Rxb3 0-1

[Event "FRA-ch Youth U14 2018"]
[Site "Agen"]
[Date "2018.04.16"]
[Round "2"]
[White "Yuan, Beline"]
[Black "Englisch, Caroline"]
[Result "0-1"]
[ECO "E77"]
[WhiteElo "2035"]
[BlackElo "1451"]
[Annotator "NA RC"]
[PlyCount "42"]
[EventDate "2018.??.??"]
[EventType "swiss"]
[EventCountry "FRA"]
[SourceTitle "playchess.com"]
[Source "ChessBase"]
[SourceQuality "1"]
[TimeControl "5400+30"]

1. d4 Nf6 2. c4 g6 3. Nc3 Bg7 4. e4 d6 5. f4 O-O 6. Nf3 c5 7. d5 e6 8. Bd3 Re8 9. O-O exd5 10. cxd5 Na6 {[%emt 0:03:20] A68: Modern Benoni: Four Pawns Attack without 9...Re8} (10... c4 11. Bc2 Qb6+ 12. Kh1 Nbd7 13. Qe2 Nc5 14. Qxc4 Bd7 15. e5 Rac8 16. exf6 Bxf6 17. f5 Bxc3 18. bxc3 Bb5 19. Qd4 Bxf1 20. Bh6 Ne6 21. fxe6 Qxd4 22. Nxd4 Bc4 23. Ba4 b5 24. Nxb5 Bxb5 25. Bxb5 {1-0 (25) Gareyev,T (2590)-Dale,A (2374) Canberra 2018}) 11. Re1 Nc7 12. a4 b6 13. h3 a6 14. Bc4 $146 ({Find the theoretical novelty and annotate with similar games:} 14. Be3 Bd7 15. Bc2 b5 16. e5 {1-0 (16) Wicht,J (2217)-Schwab,T (2108) Cologne 2000}) 14... Bb7 15. Qb3 Rb8 16. e5 (16. Qc2 $11) 16... Nd7 17. Bd2 ({Of course not} 17. exd6 Rxe1+ 18. Nxe1 Ne8 $17) ({White should try} 17. e6 $11 Nf6 18. exf7+ Kxf7 19. Rxe8 Nfxe8 20. f5 (20. Qxb6 Ba8 $11)) 17... dxe5 18. d6 Ne6 19. Nxe5 (19. Nd5 $1 $11 {keeps the balance.}) 19... Nxe5 20. fxe5 Kh8 21. Qd1 $11 Qd7 0-1

[Event "FRA-ch Youth U14 2018"]
[Site "Agen"]
[Date "2018.04.16"]
[Round "2"]
[White "Randrianarimanana, Alicia"]
[Black "Piacentini, Angelina"]
[Result "1-0"]
[ECO "A06"]
[WhiteElo "1872"]
[BlackElo "1429"]
[Annotator "NA RC"]
[PlyCount "76"]
[EventDate "2018.??.??"]
[EventType "swiss"]
[EventCountry "FRA"]
[SourceTitle "playchess.com"]
[Source "ChessBase"]
[SourceQuality "1"]
[TimeControl "5400+30"]

1. Nf3 d5 2. b3 b6 3. Bb2 Bb7 4. e3 Nf6 5. d4 Nbd7 6. Bd3 e6 7. O-O Be7 8. c4 c6 9. Nbd2 O-O 10. Ne5 {[%emt 0:02:07] D30: Queen's Gambit Declined: Systems without Nc3} (10. Qe2 Rc8 11. Ne5 c5 12. f4 Ne4 13. Bxe4 dxe4 14. Rad1 cxd4 15. Nxe4 Nxe5 16. fxe5 Bxe4 17. Rxd4 Bd5 18. cxd5 Bc5 19. Rd3 exd5 20. Qf3 {1-0 (38) Eljanov,P (2760)-Van Wely,L (2640) Wijk aan Zee 2016}) 10... c5 11. f4 Ne4 {[%emt 0:02:11] LiveBook: 5 Games} 12. cxd5 exd5 13. Rf3 $146 ({Predecessor:} 13. Ndf3 Rc8 14. Nxd7 Qxd7 15. dxc5 Nxc5 {1-0 (47) Shen,Y (2465)-Wang,D (2191) Shenzhen 2017}) 13... f6 14. Nxd7 Qxd7 15. Rh3 f5 16. Nf3 ({Reject} 16. Bxe4 $6 fxe4 17. dxc5 Qf5 $11) (16. dxc5 $16 Nxd2 17. cxb6 (17. Qxd2 bxc5 18. Rc1 Rf7 $14)) 16... Rac8 17. Ne5 Qe6 (17... Qe8 $11 {keeps the balance.}) 18. Qh5 h6 19. Be2 $2 {[%emt 0:09:10] [#]} (19. Bxe4 $1 $14 {keeps the upper hand.} fxe4 20. Rg3) 19... Bd6 ({Better is} 19... c4 $1 $17 20. g4 c3) 20. dxc5 Rxc5 21. Bd4 Rc2 22. Bd1 (22. Bd3 $5 Rd2 23. Bxe4 dxe4 24. Rg3 $11) 22... Rd2 23. Nf3 Rf2 24. Ng5 hxg5 25. fxg5 Nxg5 $2 (25... Qe7 26. Qh7+ (26. g6 Rxg2+ 27. Kxg2 Qg5+ 28. Qxg5 Nxg5 $18) 26... Kf7) 26. Qxg5 Be5 27. Kxf2 Bxd4 28. exd4 f4 29. Qh5 Re8 30. Qh8+ Kf7 31. Bh5+ g6 32. Qh7+ Kf8 33. Qxg6 (33. Bxg6 $142 Qf6 34. Qh8+ Qxh8 35. Rxh8+ Kg7 36. Rxe8 Kxg6 37. Rc1 Kf6 38. Re5) 33... Qxg6 34. Bxg6 Re6 35. Bf5 Rf6 36. Bg4 Kg7 37. Rc1 Rf7 38. Rhc3 Bc8 1-0

[Event "FRA-ch Youth U14 2018"]
[Site "Agen"]
[Date "2018.04.16"]
[Round "2"]
[White "Hamon, Elisa"]
[Black "Moracchini, Margaux"]
[Result "1/2-1/2"]
[ECO "B76"]
[WhiteElo "1451"]
[BlackElo "1939"]
[Annotator "NA RC"]
[PlyCount "100"]
[EventDate "2018.??.??"]
[EventType "swiss"]
[EventCountry "FRA"]
[SourceTitle "playchess.com"]
[Source "ChessBase"]
[SourceQuality "1"]
[TimeControl "5400+30"]

1. e4 c5 2. Nf3 d6 3. d4 cxd4 4. Nxd4 Nf6 5. Nc3 g6 6. Be3 Bg7 7. f3 O-O 8. Qd2 Nc6 9. g4 Nxd4 10. Bxd4 Be6 11. h4 h5 {[%emt 0:10:00] B76: Sicilian Dragon: Yugoslav Attack, 9 g4 and 9 0-0-0} (11... Qa5 12. h5 Rfc8 13. a3 Rab8 14. hxg6 hxg6 15. Bd3 Bc4 16. O-O-O b5 17. Bxc4 Rxc4 18. Bxf6 Bxf6 19. Nd5 Qxd2+ 20. Rxd2 Kg7 {1-0 (66) Vocaturo,D (2598)-Grigoryan,K (2584) Barcelona 2017}) 12. O-O-O Qa5 13. Qg5 (13. gxh5 $16 Nxh5 14. Rg1) 13... Qxg5+ 14. hxg5 Nh7 15. gxh5 Nxg5 16. Bxg7 Kxg7 17. f4 Nh7 18. Bd3 $146 Nf6 {[%emt 0:13:54] [#]} 19. hxg6 $1 fxg6 20. f5 gxf5 21. Rdg1+ Kf7 22. exf5 Bd7 23. Bc4+ Ke8 24. Rg7 Rc8 25. Bd3 Rg8 26. Rxg8+ Nxg8 27. Be4 Bc6 28. Nd5 Kd7 29. f6 Bxd5 $1 30. Bxd5 Nxf6 31. Bxb7 Rc5 32. Rd1 e5 33. b3 d5 34. Kb2 Ra5 35. Rf1 Ng8 36. Rf5 Kd6 37. Rf8 Ne7 38. Rf6+ Kd7 $1 39. a3 Rb5 40. Ba6 Rb6 41. Rxb6 axb6 42. Kc3 Kc6 43. a4 Nf5 44. Bb5+ Kd6 45. b4 Nd4 46. Bd3 Nc6 47. Bb5 d4+ 48. Kc4 Ne7 49. c3 dxc3 50. Kxc3 Nd5+ $11 1/2-1/2

[Event "FRA-ch Youth U14 2018"]
[Site "Agen"]
[Date "2018.04.16"]
[Round "2"]
[White "Soulet, Julia"]
[Black "Nguyen, Thao Nhi"]
[Result "0-1"]
[ECO "A51"]
[WhiteElo "1413"]
[BlackElo "1861"]
[Annotator "NA RC"]
[PlyCount "54"]
[EventDate "2018.??.??"]
[EventType "swiss"]
[EventCountry "FRA"]
[SourceTitle "playchess.com"]
[Source "ChessBase"]
[SourceQuality "1"]
[TimeControl "5400+30"]

1. d4 Nf6 2. c4 e5 3. e3 exd4 4. exd4 Bb4+ 5. Bd2 Bxd2+ 6. Nxd2 O-O 7. Ne2 $2 {[%emt 0:05:44] A51: Budapest Gambit, Fajarowicz Variation} (7. Ngf3 $11 Re8+ 8. Be2 Qe7 9. Rc1 d5 10. Rc3 dxc4 11. Re3 Qb4 12. Rxe8+ Nxe8 13. Bxc4 Nd6 14. Qb3 Nc6 {0-1 (46) Biljanic,L (2350)-Zivkovic,D (2263) Sabac 2014}) 7... Re8 8. g3 d5 $146 ({Predecessor:} 8... Nc6 $19 9. Qb3 (9. d5 Nd4 10. Rc1 d6 11. Nb1 Nf3# {0-1 (11) Lopez Perez,R-Abadia Pascual,L Binissalem 2002}) 9... Nxd4) 9. Bg2 Bg4 10. f3 Bf5 11. O-O Nc6 12. g4 $2 (12. Rf2 $17) 12... Bd3 13. Re1 dxc4 14. Rc1 Nxd4 15. Nf4 Qd6 16. Rxe8+ Rxe8 17. Nxd3 cxd3 18. Bf1 Ne2+ 19. Bxe2 dxe2 20. Qe1 Qd4+ 21. Kg2 Nd5 22. Ne4 Nf4+ 23. Kg3 $19 Rxe4 24. Rxc7 Re8 25. Qc1 Nd3 26. Re7 Qd6+ 27. Kg2 Qxe7 0-1

[Event "FRA-ch Youth U14 2018"]
[Site "Agen"]
[Date "2018.04.16"]
[Round "3"]
[White "Chemla, Anouk"]
[Black "David, Marie"]
[Result "1-0"]
[ECO "A05"]
[WhiteElo "1705"]
[BlackElo "1470"]
[Annotator "NA RC"]
[PlyCount "90"]
[EventDate "2018.??.??"]
[EventType "swiss"]
[EventCountry "FRA"]
[SourceTitle "playchess.com"]
[Source "ChessBase"]
[SourceQuality "1"]
[TimeControl "5400+30"]

1. Nf3 Nf6 2. g3 g6 3. b4 Bg7 4. Bb2 O-O 5. c4 d5 6. Na3 b6 7. Bg2 Bb7 8. O-O Nbd7 9. d3 c5 10. b5 d4 11. Nc2 Qc7 12. e4 dxe3 13. Nxe3 Rad8 14. Qc2 Bxf3 15. Bxf3 Ne5 16. Bxe5 Qxe5 17. Rad1 Qd6 18. Rfe1 Nd7 19. Be4 f5 20. Bd5+ e6 21. Nxf5 Rxf5 22. Bxe6+ Kf8 23. Bxf5 gxf5 24. d4 Bxd4 25. Qxf5+ Qf6 26. Qxf6+ Nxf6 27. Kg2 Kf7 28. f4 Rg8 29. Kf3 Ng4 30. Re2 h5 31. Rde1 Kg7 32. h3 Nf6 33. Re7+ Kh8 34. Rxa7 Rd8 35. Ree7 Bc3 36. Rab7 Ba5 37. Rf7 Rd3+ 38. Ke2 Rd2+ 39. Ke3 Rd6 40. Rf8+ Ng8 41. Rbb8 Rg6 42. Kf3 Kh7 43. g4 hxg4+ 44. hxg4 Bc3 45. g5 Bg7 1-0

[Event "FRA-ch Youth U14 2018"]
[Site "Agen"]
[Date "2018.04.16"]
[Round "3"]
[White "Barbotte, Jeanne"]
[Black "Randrianarimanana, Alicia"]
[Result "1/2-1/2"]
[ECO "B52"]
[WhiteElo "1556"]
[BlackElo "1872"]
[Annotator "NA RC"]
[PlyCount "66"]
[EventDate "2018.??.??"]
[EventType "swiss"]
[EventCountry "FRA"]
[SourceTitle "playchess.com"]
[Source "ChessBase"]
[SourceQuality "1"]
[TimeControl "5400+30"]

1. e4 c5 2. Nf3 d6 3. Bb5+ Bd7 4. Bxd7+ Qxd7 5. O-O g6 6. c3 Nf6 $14 {[%emt 0:11:19] LiveBook: 13 Games} 7. Qe2 Nc6 8. e5 dxe5 9. Nxe5 Nxe5 10. Qxe5 Rc8 11. d4 cxd4 12. cxd4 Bg7 13. Be3 O-O 14. Qa5 a6 15. Qd2 Rfd8 16. Nc3 b5 17. a3 Nd5 18. Rad1 e6 19. Ne4 Nxe3 20. fxe3 f5 21. Nc3 e5 22. Ne2 Rc6 23. d5 Rd6 24. Qa5 Qa7 25. Rf3 e4 26. Rh3 Bxb2 27. Rb1 Qg7 28. Qb4 Be5 29. Ng3 Rxd5 30. Qb3 Bxg3 31. Rxg3 Qf7 32. Qc2 Rd3 33. a4 Qc4 1/2-1/2

[Event "FRA-ch Youth U14 2018"]
[Site "Agen"]
[Date "2018.04.16"]
[Round "3"]
[White "Courjal, Pauline"]
[Black "Kuhn, Mathilde"]
[Result "*"]
[ECO "E73"]
[WhiteElo "1509"]
[BlackElo "1742"]
[Annotator "NA RC"]
[PlyCount "30"]
[EventDate "2018.??.??"]
[EventType "swiss"]
[EventCountry "FRA"]
[SourceTitle "playchess.com"]
[Source "ChessBase"]
[SourceQuality "1"]
[TimeControl "5400+30"]

1. d4 Nf6 2. c4 g6 3. Nc3 Bg7 4. e4 d6 5. Be2 O-O 6. Bg5 Nbd7 7. Nf3 h6 8. Bf4 c6 9. Qd2 Kh7 10. O-O-O Qa5 11. Rdg1 e5 12. dxe5 dxe5 13. Be3 Ng4 14. Ng5+ hxg5 15. Bxg4 f5 *

[Event "FRA-ch Youth U14 2018"]
[Site "Agen"]
[Date "2018.04.17"]
[Round "4"]
[White "Cohen Revivo, Shoham"]
[Black "Brouard, Gregoire"]
[Result "1-0"]
[ECO "A01"]
[WhiteElo "2180"]
[BlackElo "1955"]
[Annotator "NA"]
[PlyCount "103"]
[EventDate "2018.??.??"]
[EventType "swiss"]
[EventCountry "FRA"]
[SourceTitle "playchess.com"]
[Source "ChessBase"]
[SourceQuality "1"]
[TimeControl "5400+30"]

1. b3 Nf6 2. Bb2 g6 3. Bxf6 exf6 4. c4 Bg7 5. Nc3 O-O 6. g3 d6 7. Bg2 {[%emt 0:00:15] LiveBook: 12 Games} Nc6 8. d4 f5 9. e3 Bd7 10. Nge2 a6 11. O-O Rb8 12. Rc1 Na7 13. Qc2 $14 b5 14. cxb5 axb5 15. Nd5 c6 16. Nb4 Qb6 17. Nxc6 Bxc6 18. Bxc6 Rfc8 19. d5 Rc7 20. Qd3 Nxc6 21. Rxc6 Rxc6 22. dxc6 Qxc6 23. Rc1 Qb6 24. Nf4 Be5 25. Nd5 Qa5 26. f4 Bb2 27. Ne7+ Kg7 28. Nc6 Qa3 29. Rc2 Rc8 30. Qxb5 Qxa2 31. Qe2 Qb1+ 32. Kg2 Bf6 33. b4 Qb3 34. b5 Qd5+ 35. Kh3 h5 36. Rd2 Qe4 37. Rxd6 h4 38. Qd3 g5 39. Qxe4 g4+ 40. Kg2 h3+ 41. Kf2 fxe4 42. b6 Be7 43. b7 Rc7 44. b8=Q Bxd6 45. Qb5 f6 46. Qd5 Rb7 47. Qxd6 Rb2+ 48. Ke1 Rxh2 49. Qd7+ Kh6 50. Qxg4 Rh1+ 51. Kf2 h2 52. Kg2 1-0

[Event "FRA-ch Youth U14 2018"]
[Site "Agen"]
[Date "2018.04.17"]
[Round "4"]
[White "Lary, Damien"]
[Black "Popov, Konstantin"]
[Result "1/2-1/2"]
[ECO "A50"]
[WhiteElo "2072"]
[BlackElo "2150"]
[Annotator "NA"]
[PlyCount "119"]
[EventDate "2018.??.??"]
[EventType "swiss"]
[EventCountry "FRA"]
[SourceTitle "playchess.com"]
[Source "ChessBase"]
[SourceQuality "1"]
[TimeControl "5400+30"]

1. d4 Nf6 2. c4 g6 3. f3 Nc6 {[%emt 0:00:20] E60: King's Indian: Unusual lines and Fianchetto Variation without Nc3} (3... c5 4. d5 d6 5. e4 e6 6. Nc3 exd5 7. cxd5 Bg7 8. Nge2 Nbd7 9. Ng3 h5 10. Be2 Nh7 11. Bf4 Qe7 12. Qd2 h4 13. Nf1 g5 14. Be3 Ne5 15. g3 Bd7 16. gxh4 gxh4 {½-½ (42) Aronian,L (2794)-Grischuk,A (2767) Berlin 2018}) 4. e4 e5 5. Ne2 exd4 6. Nxd4 Nxe4 $146 ({Find the theoretical novelty and annotate with similar games:} 6... Bg7 7. Nxc6 bxc6 8. Nc3 O-O 9. Be2 d5 10. cxd5 cxd5 11. exd5 {1-0 (60) Bercys,S (2434)-Shabalov,A (2580) ICC INT 2009}) 7. fxe4 Qh4+ 8. g3 Qxe4+ 9. Qe2 Qxe2+ 10. Nxe2 Bg7 11. Nbc3 Nb4 12. Kd1 d6 13. Nd5 Nxd5 14. cxd5 O-O 15. Nc3 Re8 16. Bd3 Bxc3 17. bxc3 Bg4+ 18. Kc2 Bf3 19. Rf1 Bxd5 20. c4 Be4 21. Rf6 Bxd3+ 22. Kxd3 Re1 23. Bb2 $16 Rxa1 24. Bxa1 Re8 25. g4 Re1 26. Bc3 Rg1 27. Rf4 Kf8 28. h4 Rg3+ 29. Kc2 Re3 30. Bd4 Re2+ 31. Kd3 Re8 32. h5 Kg8 33. Bf6 h6 34. Bd4 c5 35. Bc3 gxh5 36. gxh5 Re6 37. Rg4+ Kf8 38. Rg7 a6 39. Rh7 b5 40. Rh8+ Ke7 41. Bg7 Re1 42. Bxh6 Rd1+ 43. Kc3 Rh1 44. Bg5+ f6 45. Bf4 Rh3+ 46. Kc2 bxc4 47. h6 d5 48. Ra8 Ke6 49. Rxa6+ Kf5 50. Bd2 Ke5 51. Rc6 Kd4 52. Rxf6 c3 53. Bf4 Kc4 54. Be5 d4 55. Rd6 d3+ 56. Rxd3 Rxd3 57. h7 Rh3 58. h8=Q Rxh8 59. Bxh8 Kb4 60. Bxc3+ 1/2-1/2

[Event "FRA-ch Youth U14 2018"]
[Site "Agen"]
[Date "2018.04.17"]
[Round "4"]
[White "Nguyen-Cadoret, Nathan"]
[Black "Ciccoli, Theo"]
[Result "1/2-1/2"]
[ECO "A57"]
[WhiteElo "1964"]
[BlackElo "2126"]
[Annotator "NA"]
[PlyCount "72"]
[EventDate "2018.??.??"]
[EventType "swiss"]
[EventCountry "FRA"]
[SourceTitle "playchess.com"]
[Source "ChessBase"]
[SourceQuality "1"]
[TimeControl "5400+30"]

1. d4 Nf6 2. c4 c5 3. d5 b5 4. Qc2 bxc4 5. e4 d6 6. Bxc4 g6 7. Nf3 Bg7 8. O-O O-O 9. Nc3 {[%emt 0:01:26] LiveBook: 94 Games} Nbd7 10. Bf4 Ng4 $11 11. Rab1 Nge5 12. Nxe5 Nxe5 13. b3 f5 14. f3 h6 15. Ne2 g5 16. Bxe5 Bxe5 17. exf5 Bxf5 18. Bd3 Qd7 19. f4 gxf4 20. Nxf4 Bxd3 21. Qxd3 Qf5 22. Qxf5 Rxf5 23. Ne6 Rxf1+ 24. Rxf1 a5 25. g3 a4 26. Kg2 axb3 27. axb3 Rb8 28. Rf3 Rb4 29. Kh3 h5 30. Rf5 Rxb3 31. Nxc5 dxc5 32. Rxe5 Rb7 33. Rxh5 c4 34. Rh4 Rc7 35. Rd4 c3 36. Rd1 Kf7 1/2-1/2

[Event "FRA-ch Youth U14 2018"]
[Site "Agen"]
[Date "2018.04.17"]
[Round "4"]
[White "Decuigniere, Tom"]
[Black "Bacrot, Alexandre"]
[Result "1/2-1/2"]
[ECO "A20"]
[WhiteElo "1962"]
[BlackElo "2180"]
[Annotator "NA"]
[PlyCount "203"]
[EventDate "2018.??.??"]
[EventType "swiss"]
[EventCountry "FRA"]
[SourceTitle "playchess.com"]
[Source "ChessBase"]
[SourceQuality "1"]
[TimeControl "5400+30"]

1. c4 e5 2. g3 c6 3. Nf3 e4 4. Nd4 d5 5. cxd5 Qxd5 6. Nb3 Nf6 7. Nc3 Qe5 8. Bg2 Bf5 9. O-O Be7 $16 10. d3 exd3 11. exd3 Qc7 12. Bf4 Qd7 13. Ne4 Na6 14. Nxf6+ Bxf6 15. Re1+ Kf8 16. d4 Rd8 17. Qe2 h6 18. Nc5 Nxc5 19. dxc5 Kg8 20. Rad1 Qc8 21. b4 Kh7 22. Bd6 Bc3 23. Rf1 Qe6 24. Qxe6 Bxe6 25. a3 Bc4 26. Be4+ g6 27. Bd3 Bd5 28. Rb1 a6 29. Rfc1 Bf6 30. Bc4 Be4 31. Rb3 Kg7 32. Re1 Bf5 33. Rbe3 Rd7 34. a4 Rhd8 35. Kg2 Rxd6 36. cxd6 Rxd6 37. b5 Rd4 38. Rc1 axb5 39. axb5 Be4+ 40. Kg1 c5 41. Rxe4 Rxe4 42. Bd5 Re2 43. Rxc5 Bd4 44. Rc4 Rd2 45. Bxb7 Bxf2+ 46. Kf1 Be3 47. Rc3 Bd4 48. Rc4 Bb6 49. Rc6 Be3 50. Rc3 Ba7 51. h3 Rf2+ 52. Ke1 Rb2 53. Bc6 Bb6 54. Kf1 Rf2+ 55. Ke1 Rh2 56. Kf1 Rxh3 57. Kg2 Rh5 58. Rd3 Rc5 59. Rd2 Rc4 60. Re2 Rb4 61. Be8 Kf8 62. Bc6 Kg7 63. Be8 h5 64. Bc6 Rb3 65. Rc2 Bc7 66. Bf3 Bxg3 67. Kxg3 Rxb5 68. Rc6 Rb3 69. Kg2 Rb2+ 70. Kg3 Rb3 71. Kg2 f5 72. Bd5 Rd3 73. Be6 Re3 74. Kf2 Ra3 75. Bd7 Ra5 76. Be8 g5 77. Rg6+ Kf8 78. Rxg5 Kxe8 79. Rxh5 Kf7 80. Rh6 Ra3 81. Rb6 Rh3 82. Ra6 Rh7 83. Ra7+ Kg6 84. Rxh7 Kxh7 85. Kf3 Kg6 86. Kf4 Kf6 87. Kf3 Kg5 88. Kg3 f4+ 89. Kf3 Kf5 90. Kf2 Kg4 91. Kg2 Kg5 92. Kf3 Kf5 93. Kf2 Ke4 94. Ke2 f3+ 95. Kf2 Kf4 96. Kf1 Ke3 97. Ke1 Ke4 98. Kf2 Kf4 99. Kf1 Kg3 100. Kg1 f2+ 101. Kf1 Kf4 102. Kxf2 1/2-1/2